 Dungeon Sprint DCSS version 0.19-a0-1654-g9d3f708 (webtiles) character file.

800 George the Carver (level 7, -1/70 HPs)
             Began as a Minotaur Fighter on Sept 20, 2016.
             Was a Believer of Makhleb.
             Slain by an eight-headed hydra (6 damage)
             ... in the Dungeon (Sprint IX: "|||||||||||||||||||||||||||||").
             The game lasted 00:02:05 (324 turns).

George the Carver (Minotaur Fighter)                 Turns: 324, Time: 00:02:06

Health: -1/70      AC: 15    Str: 21    XL:     7   Next: 59%
Magic:  5/10       EV:  7    Int:  8    God:    Makhleb [**....]
Gold:   0          SH: 11    Dex: 11    Spells: 0 memorised, 6 levels left

rFire  . . .     SeeInvis .     p - +2 scimitar (drain)
rCold  . . .     Gourm    .     q - +1 chain mail
rNeg   . . .     Faith    .     c - +0 shield
rPois  .         Spirit   .     (helmet restricted)
rElec  .         Dismiss  .     (no cloak)
rCorr  .         Reflect  .     a - +0 pair of gloves
MR     .....     Harm     .     (no boots)
Stlth  .......... NoTele   +    (no amulet)
                                r - +3 ring of intelligence
                                b - +2 ring of protection

@: very slightly contaminated, hasted, very quick
A: retaliatory headbutt, horns 2
a: Minor Destruction, Renounce Religion


You were in the Dungeon.
You worshipped Makhleb.
Makhleb was pleased with you.
You were not hungry.

You visited 1 branch

Inventory:

Hand Weapons
 p - a +2 scimitar of draining (weapon)
Armour
 a - a +0 pair of gloves (worn)
 c - a +0 shield (worn)
 q - a +1 chain mail (worn)
Jewellery
 b - a +2 ring of protection (left hand)
 r - a +3 ring of intelligence (right hand)
Wands
 o - a wand of lightning (4/15)
Scrolls
 k - 2 scrolls of blinking
 m - 3 scrolls of remove curse
 n - 2 scrolls of amnesia
Potions
 d - a potion of might
 e - 5 potions of curing
 g - 2 potions of heal wounds
 i - 4 potions of magic
 j - a potion of berserk rage
 l - a potion of invisibility
Comestibles
 f - a bread ration
 s - 5 chunks of flesh


   Skills:
 + Level 9.2 Fighting
 * Level 11.9 Long Blades
 + Level 9.1 Armour
 + Level 9.2 Shields
 + Level 5.9 Invocations


You had 6 spell levels left.
You didn't know any spells.

Dungeon Overview and Level Annotations

Branches:
Dungeon (1/1)

Altars:
Cheibriados
Dithmenos
Elyvilon
Fedhas
Gozag
Hepliaklqana
Kikubaaqudgha
Makhleb
Nemelex Xobeh
Okawaru
Qazlal
Ru
Sif Muna
Trog
Uskayaw
Vehumet
Xom
Yredelemnul
Zin
The Shining One
Beogh
Jiyva
Lugonu


Innate Abilities, Weirdness & Mutations

You reflexively headbutt those who attack you in melee.
You have a pair of horns on your head.


Message History

The eight-headed hydra is moderately wounded.
Evoke which item? (* to show all) (? for menu, Esc to quit)
Zapping:
o - a wand of lightning (5/15)
Press: ? - help, Shift-Dir - straight line, f/p - eight-headed hydra
Aim: an eight-headed hydra (moderately wounded)
You hear a mighty clap of thunder!
The bolt of lightning hits the eight-headed hydra.
The eight-headed hydra is heavily wounded.
The bolt of lightning hits the killer bee.
The killer bee is almost dead.
The bolt of lightning hits the ice beast.
The ice beast is moderately wounded.
This wand has 4 charges left.
You block the eight-headed hydra's attack.
The eight-headed hydra bites you.
* * * LOW HITPOINT WARNING * * *
The eight-headed hydra barely misses you.
The eight-headed hydra bites you but does no damage. x3
The eight-headed hydra bites you.
You die...

▓.▓
▓(▓
▓'▓
▓Y▓
▓_▓
▓_▓
▓y▓
▓D▓
▓@▓
▓_▓
▓_▓
▓_▓
▓_▓
▓_▓
▓_▓
▓_▓
▓_▓


You could see an eight-headed hydra, an ice beast and a killer bee.

Vanquished Creatures
  A cyclops (D)
  2 yaks (D)
  A big kobold (D)
  A hound (D)
  An orc wizard (D)
  A shadow imp (D)
  A worm (D)
  A leopard gecko (D)
  2 bats (D)
  A bat zombie (D)
  A giant cockroach (D)
  A goblin (D)
  A jackal zombie (D)
  A leopard gecko skeleton (D)
  A rat (D)
17 creatures vanquished.

Notes
Turn   | Place    | Note
-------+----------+-------------------------------------------
     0 | D        | George the Minotaur Fighter began the quest for the Orb.
     0 | D        | Reached XP level 1. HP: 19/19 MP: 0/0
    10 | D        | Reached skill level 3 in Long Blades
    21 | D        | Noticed a hound
    21 | D        | Noticed an orc wizard
    23 | D        | Reached skill level 4 in Long Blades
    23 | D        | Reached XP level 2. HP: 25/27 MP: 1/1
    29 | D        | Reached skill level 5 in Fighting
    29 | D        | Reached skill level 5 in Long Blades
    29 | D        | Reached XP level 3. HP: 34/36 MP: 2/2
    31 | D        | Reached skill level 5 in Shields
    45 | D        | Reached skill level 6 in Long Blades
    45 | D        | Reached skill level 5 in Armour
    45 | D        | Reached XP level 4. HP: 19/42 MP: 3/3
    52 | D        | Found a roughly hewn altar of Beogh.
    52 | D        | Found a snail-covered altar of Cheibriados.
    52 | D        | Found a shadowy altar of Dithmenos.
    52 | D        | Found a white marble altar of Elyvilon.
    52 | D        | Found a blossoming altar of Fedhas.
    52 | D        | Found an opulent altar of Gozag.
    53 | D        | Found a hazy altar of Hepliaklqana.
    54 | D        | Found a viscous altar of Jiyva.
    55 | D        | Found an ancient bone altar of Kikubaaqudgha.
    56 | D        | Found a corrupted altar of Lugonu.
    57 | D        | Found a burning altar of Makhleb.
    58 | D        | Found a sparkling altar of Nemelex Xobeh.
    59 | D        | Found an iron altar of Okawaru.
    60 | D        | Found a stormy altar of Qazlal.
    61 | D        | Found a sacrificial altar of Ru.
    62 | D        | Found a deep blue altar of Sif Muna.
    63 | D        | Found a bloodstained altar of Trog.
    64 | D        | Found a hide-covered altar of Uskayaw.
    65 | D        | Became a worshipper of Makhleb the Destroyer
    66 | D        | Found a radiant altar of Vehumet.
    67 | D        | Found a shimmering altar of Xom.
    68 | D        | Found a basalt altar of Yredelemnul.
    69 | D        | Found a glowing silver altar of Zin.
    70 | D        | Found a glowing golden altar of the Shining One.
   246 | D        | Noticed a big kobold
   246 | D        | Noticed a yak
   246 | D        | Noticed a yak
   260 | D        | Killed a yak
   260 | D        | Reached skill level 8 in Long Blades
   260 | D        | Reached XP level 5. HP: 49/51 MP: 3/6
   261 | D        | Killed a yak
   261 | D        | Reached * piety under Makhleb
   261 | D        | Reached skill level 10 in Long Blades
   261 | D        | Reached XP level 6. HP: 59/61 MP: 3/8
   272 | D        | Reached ** piety under Makhleb
   286 | D        | Noticed an ice beast
   286 | D        | Noticed an eight-headed hydra
   286 | D        | Noticed a cyclops
   319 | D        | Killed a cyclops
   319 | D        | Reached skill level 11 in Long Blades
   319 | D        | Reached skill level 5 in Invocations
   319 | D        | Reached XP level 7. HP: 28/70 MP: 4/10
   319 | D        | HP: 1/70 [eight-headed hydra (10)]
   324 | D        | Slain by an eight-headed hydra

Vault maps used:
D:        linesprint

Skill      XL: |  1  2  3  4  5  6 |
---------------+-------------------+-----
Long Blades    | 4 5 6 8 10 11 | 11.9
Fighting       | 4 5 6 7 9 |  9.2
Shields        | 4 5 6 7 9 |  9.2
Armour         | 4 5 6 7 9 |  9.1
Invocations    | 3 4 5 |  5.9

Action                   |  1- 3 |  4- 6 |  7- 9 || total
-------------------------+-------+-------+-------++-------
Melee: Long sword        |    38 |       |       ||    38
       Headbutt          |     4 |     4 |       ||     8
       Scimitar          |       |    31 |       ||    31
Invok: Minor Destruction |       |     3 |     2 ||     5
Evoke: Wand              |       |     1 |     2 ||     3
  Use: Potion            |       |       |     2 ||     2
Armor: Scale mail        |    12 |       |       ||    12
       Chain mail        |       |    22 |    13 ||    35
Dodge: Dodged            |     8 |     9 |     9 ||    26
Block: Shield            |    14 |    20 |     7 ||    41
